 Dungeon Crawl Stone Soup version 0.17.0-1-g61d176b (webtiles) character file.

2761 dorian the Agent of Entropy (level 9, 0/63 HPs)
             Began as a Demonspawn Abyssal Knight on Nov 7, 2015.
             Was a Priest of Lugonu.
             Slain by a yak (12 damage)
             ... on level 8 of the Dungeon.
             The game lasted 00:18:51 (6597 turns).

dorian the Agent of Entropy (DsAK)                  Turns: 6597, Time: 00:18:51

Health: 0/63       AC:  9    Str: 13    XL:     9   Next: 42%
Magic:  17/17      EV: 11    Int: 17    God:    Lugonu [***...]
Gold:   1152       SH:  0    Dex: 15    Spells: 0 memorised, 8 levels left

rFire  + . .     SeeInvis .     G - +3 battleaxe (curse)
rCold  . . .     Clarity  .     B - +2 leather armour {rF+}
rNeg   + . .     SustAt   .     (shield currently unavailable)
rPois  .         Gourm    .     (no helmet)
rElec  .         Spirit   .     F - +0 cloak
rCorr  .         Warding  +     d - +0 pair of gloves
rMut   .         Stasis   .     y - +0 pair of boots
MR     +....                    b - amulet of warding
Stlth  +.........               K - ring of protection from magic
                                j - +3 ring of dexterity

@: somewhat resistant to hostile enchantments, very unstealthy
A: claws 2, icy blue scales 1, powered by death 2
a: Depart the Abyss, Bend Space, Banish, Renounce Religion


You were on level 8 of the Dungeon.
You worshipped Lugonu.
Lugonu was most pleased with you.
You were hungry.

You visited 1 branch of the dungeon, and saw 8 of its levels.
You visited the Abyss 1 time.
You also visited: Bailey.

You collected 1422 gold pieces.
You spent 270 gold pieces at shops.

Inventory:

Hand Weapons
 E - a +2 mace of venom
 G - a cursed +3 battleaxe (weapon)
 O - a +0 mace of protection
 P - the +4 long sword "Byhor" {holy, +Fly Str+2 Stlth+, unknown}
   (You found it on level 8 of the Dungeon)

   It has been blessed by the Shining One to cause great damage to the undead
   and demons.
   It affects your strength (+2).
   It lets you fly.
   It makes you more stealthy.
Missiles
 M - 6 needles of paralysis
Armour
 d - a +0 pair of gloves (worn)
 y - a +0 pair of boots (worn)
 B - a +2 leather armour of fire resistance (worn)
 F - a +0 cloak (worn)
Jewellery
 b - an amulet of warding (around neck)
 j - a +3 ring of dexterity (left hand)
 s - an uncursed ring of magical power
 v - a +2 ring of evasion
 K - a ring of protection from magic (right hand)
Wands
 x - a wand of flame (29)
 D - a wand of polymorph (8)
Scrolls
 f - 2 scrolls of recharging {unknown}
 g - 6 scrolls of remove curse
 n - 2 scrolls of teleportation {unknown}
 o - 2 scrolls of immolation {unknown}
 p - 3 scrolls of noise {unknown}
 q - 2 scrolls of magic mapping {unknown}
 r - 4 scrolls of identify {unknown}
 t - 2 scrolls of enchant armour {unknown}
 u - a scroll of enchant weapon {unknown}
 A - a scroll of blinking {unknown}
 C - a scroll of amnesia {unknown}
 L - a scroll of silence {unknown}
Potions
 a - a potion of magic {unknown}
 e - 3 potions of brilliance {unknown}
 k - 4 potions of lignification {unknown}
 l - 3 potions of curing
 m - a potion of cure mutation {unknown}
 w - 2 potions of heal wounds
 H - a potion of flight {unknown}
 I - a potion of haste
 J - a potion of poison {unknown}
Miscellaneous
 N - a disc of storms
Comestibles
 c - 5 bread rations
 h - 2 slices of pizza
 i - 2 meat rations
 z - 3 fruits


   Skills:
 - Level 3.0 Fighting
 + Level 1.9(5.6) Axes
 - Level 8.4(8.5) Maces & Flails
 - Level 1.7 Armour
 - Level 0.8 Dodging
 + Level 11.8 Invocations


You had 8 spell levels left.
You didn't know any spells.

Dungeon Overview and Level Annotations

Branches:
Dungeon (8/15)             Temple (0/1) D:6
   Lair: D:8-11

Altars:
Ashenzari
Cheibriados
Elyvilon
Kikubaaqudgha
Makhleb
Sif Muna
Xom
The Shining One

Shops:
D:7 !

Annotations:
Abyss:1 Duvessa


Innate Abilities, Weirdness & Mutations

You have very sharp fingernails.
You are partially covered in icy blue scales (AC +1).
You regenerate health from kills.


Message History

You hit the wight.
The wight is heavily damaged.
The yak gores you.
The wight hits you with an enchanted scimitar.
The yak gores you!
You barely miss the yak.
The yak is almost dead.
You hit the wight but do no damage.
The wight is heavily damaged.
The wight hits you with an enchanted scimitar!
The yak gores you but does no damage.
You barely miss the wight.
The wight is heavily damaged.
You hit the yak.
You kill the yak!
Lugonu accepts your kill.
The wight hits you with an enchanted scimitar!
* * * LOW HITPOINT WARNING * * *
The yak gores you!
You die...

#####.##.#.####.##..#
#...#.##.#...(...# .#
#.#.#.#..#.#####.####
#.#.#.#.##..........#
#...#.#.##%####.###(#
#...#.............#)####
#...#.#.##)##...#..)(...
#.....#z#...............
#######.....#@#..#....##......
#........####Y#######.##......
##.####..#.≈.K)≈PP#...##......
#.####.##..%...≈P######......
#.##....#.%P..P≈≈# ...###.
#.##.#.##%....≈≈P# ##### .
#.##.#..#.....P≈.# .
#.##.#####'''###+#
#.......#.....#


You could see a yak, a big kobold and a wight.

Vanquished Creatures
  A hippogriff (D:7)
  A yak (D:8)
  An ice beast (D:6)
  An ogre (D:8)
  An orc warrior (D:7)
  2 big kobolds (D:8)
  A giant frog (D:8)
  A gnoll sergeant (Bailey)
  A water moccasin zombie (D:5)
  Dowan (D:5)
  2 wights (D:8)
  4 crimson imps
  A quasit (D:5)
  4 iguanas
  6 hounds
  2 jellies (D:3)
  A giant frog skeleton (D:5)
  2 orc wizards
  4 gnoll shamans (Bailey)
  A worker ant (D:6)
  A killer bee zombie (D:5)
  A hound skeleton (D:4)
  16 gnolls
  10 adders
  3 shadow imps
  2 adder skeletons
  3 worms
  3 giant geckos
  25 orcs
  7 ball pythons
  5 bats
  6 goblins
  10 hobgoblins
  2 jackals (D:4)
  13 kobolds
  2 quokkas
  3 sheep
  8 giant cockroaches
  A giant gecko zombie (D:7)
  10 giant newts
  2 jackal skeletons
  A quokka skeleton (D:5)
  5 rats
177 creatures vanquished.

Vanquished Creatures (others)
  A hippogriff (D:7)
  An ogre (D:4)
  7 gnoll sergeants (Bailey)
  3 wights (D:7)
  An orc wizard (D:3)
  2 gnoll shamans (Bailey)
  2 orc priests (D:5)
  A gnoll (Bailey)
  An orc (D:3)
19 creatures vanquished.

Grand Total: 196 creatures vanquished

Notes
Turn   | Place    | Note
--------------------------------------------------------------
     0 | Abyss:1  | dorian the Demonspawn Abyssal Knight began the quest for the Orb.
     0 | Abyss:1  | Reached XP level 1. HP: 18/18 MP: 2/2
    15 | D:1      | Escaped the Abyss
   184 | D:1      | Gained mutation: You regenerate a little health from kills. [demonic ancestry]
   184 | D:1      | Reached XP level 2. HP: 12/24 MP: 4/4
   591 | D:1      | Reached ** piety under Lugonu
   731 | D:2      | Gained mutation: You regenerate health from kills. [demonic ancestry]
   731 | D:2      | Reached XP level 3. HP: 14/29 MP: 5/5
   782 | D:2      | Found a shimmering altar of Xom.
   878 | D:2      | Reached skill level 4 in Invocations
   988 | D:2      | Gained mutation: You have sharp fingernails. [demonic ancestry]
   988 | D:2      | Reached XP level 4. HP: 32/35 MP: 7/7
  1022 | D:2      | Found a burning altar of Makhleb.
  1241 | D:3      | Reached *** piety under Lugonu
  1838 | D:3      | Reached skill level 5 in Invocations
  1838 | D:3      | Gained mutation: You are partially covered in icy blue scales (AC +1). [demonic ancestry]
  1838 | D:3      | Reached XP level 5. HP: 10/41 MP: 8/8
  1917 | D:3      | Found a shimmering altar of Xom.
  2279 | D:4      | Noticed an ogre
  2281 | D:4      | Banished an ogre
  2281 | D:4      | Reached skill level 6 in Invocations
  2574 | D:4      | Gained mutation: You have very sharp fingernails. [demonic ancestry]
  2574 | D:4      | Reached XP level 6. HP: 45/47 MP: 10/10
  2592 | D:4      | Found an ancient bone altar of Kikubaaqudgha.
  2664 | D:4      | Found a shattered altar of Ashenzari.
  2752 | D:5      | Entered Level 5 of the Dungeon
  2818 | D:5      | Noticed Dowan
  2827 | D:5      | Killed Dowan
  2842 | D:5      | Noticed Duvessa
  2849 | D:5      | Banished Duvessa
  2857 | D:5      | Reached skill level 7 in Invocations
  2968 | D:5      | Reached skill level 5 in Maces & Flails
  2968 | D:5      | Reached XP level 7. HP: 50/52 MP: 12/12
  3527 | D:5      | Reached skill level 8 in Invocations
  3856 | D:6      | Found a snail-covered altar of Cheibriados.
  3955 | D:6      | Found a staircase to the Ecumenical Temple.
  4221 | D:6      | Reached **** piety under Lugonu
  4653 | D:7      | Reached skill level 9 in Invocations
  4653 | D:7      | Reached XP level 8. HP: 22/58 MP: 14/14
  4755 | D:7      | Found Qismu's Distillery.
  4766 | D:7      | Bought a potion of haste for 150 gold pieces
  4766 | D:7      | Bought a potion of curing for 45 gold pieces
  4766 | D:7      | Bought a potion of heal wounds for 75 gold pieces
  4845 | D:7      | Found a glowing golden altar of the Shining One.
  4888 | D:7      | Found a deep blue altar of Sif Muna.
  5072 | D:7      | Reached skill level 10 in Invocations
  5084 | D:7      | Found a flagged portal.
  5093 | Bailey   | Entered a bailey
  5795 | Bailey   | Reached skill level 11 in Invocations
  5795 | Bailey   | Reached XP level 9. HP: 28/63 MP: 9/17
  6377 | D:7      | Found a white marble altar of Elyvilon.
  6501 | D:8      | Got a twisted long sword
  6585 | D:8      | Reached skill level 1 in Axes
  6597 | D:8      | Slain by a yak

Action                   |  1- 3 |  4- 6 |  7- 9 || total
-------------------------+-------+-------+-------++-------
Melee: Mace              |   145 |   171 |   392 ||   708
       Short sword       |     7 |       |       ||     7
       Battleaxe         |       |       |    23 ||    23
Invok: Banish            |       |     9 |    16 ||    25
  Use: Scroll            |       |     1 |     1 ||     2
 Stab: Sleeping          |       |       |     1 ||     1
  Eat: Chunk             |     1 |     8 |    14 ||    23
       Beef jerky        |       |       |     1 ||     1
       Royal jelly       |       |       |     1 ||     1
